 Dungeon Crawl Stone Soup version 0.18-a0-1121-gb454403 (webtiles) character file.

9669 st0uf the Transmogrifier (level 11, -11/91 HPs)
             Began as a Purple Draconian Transmuter on Jan 18, 2016.
             Was the Champion of Cheibriados.
             Mangled by an ice beast (14 damage)
             ... summoned by Fannar
             ... on level 10 of the Dungeon.
             The game lasted 01:03:05 (10100 turns).

st0uf the Transmogrifier (DrTm)                    Turns: 10100, Time: 01:03:05

Health: -11/91     AC:  9    Str: 29    XL:     11   Next: 26%
Magic:  12/23      EV: 20    Int: 32    God:    Cheibriados [******]
Gold:   587        SH:  0    Dex: 28    Spells: 6 memorised, 10 levels left

rFire  . . .     SeeInvis +       - Unarmed
rCold  . . .     Gourm    .     (armour unavailable)
rNeg   . . .     Faith    .     (shield currently unavailable)
rPois  +         Spirit   .     (helmet restricted)
rElec  .         Dismiss  .     P - +1 cloak {rPois}
rCorr  .         Reflect  .     (gloves currently unavailable)
SustAt .         Harm     .     (no boots)
MR     +....                    (no amulet)
Stlth  ++........               j - ring of see invisible
                                g - +3 ring of intelligence

@: blade hands, very slightly contaminated, slowed, very slow, somewhat
resistant to hostile enchantments, unstealthy
A: breathe power, unfitting armour, cold-blooded, AC +7
a: Breathe Dispelling Energy, End Transformation, Bend Time, Temporal
Distortion, Slouch, Step From Time, Renounce Religion


You were on level 10 of the Dungeon.
You worshipped Cheibriados.
Cheibriados was exalted by your worship.
You were hungry.
You had blades for hands.
You visited 2 branches of the dungeon, and saw 11 of its levels.

You collected 587 gold pieces.

Inventory:

Missiles
 n - 28 arrows of dispersal
 H - 111 arrows
 I - 3 throwing nets (quivered)
 U - 5 javelins
Armour
 K - the +1 pair of gloves of Misanthropy (melded) {Dex+4}
   (You found it on level 6 of the Dungeon)

   It affects your dexterity (+4).
 P - a +1 cloak of poison resistance (worn)
 S - a +2 shield
Magical Staves
 o - an uncursed staff of summoning
Jewellery
 g - a +3 ring of intelligence (left scythe-like blade)
 j - a ring of see invisible (right scythe-like blade)
 t - an uncursed ring of poison resistance
 A - an uncursed ring of protection from magic
 E - an uncursed amulet of faith
 M - an uncursed ring of protection from fire
Wands
 N - a wand of draining (6/15)
 R - a wand of paralysis (14/24)
Scrolls
 e - 8 scrolls of identify
 i - 2 scrolls of enchant weapon
 m - 3 scrolls of fog {unknown}
 p - 5 scrolls of remove curse {unknown}
 r - 2 scrolls of magic mapping {unknown}
 w - a scroll of teleportation {unknown}
 x - 4 scrolls of amnesia {unknown}
 y - 2 scrolls of fear {unknown}
 G - a scroll of noise {unknown}
 L - 3 scrolls of recharging {unknown}
Potions
 f - 2 potions of heal wounds {unknown}
 k - 5 potions of curing {unknown}
 l - a potion of haste {unknown}
 s - a potion of brilliance {unknown}
 v - 2 potions of lignification {unknown}
 z - a potion of cure mutation {unknown}
 D - a potion of mutation {unknown}
 F - 2 potions of invisibility {unknown}
Books
 b - a book of Changes

   Spells                             Type                      Level
   a - Beastly Appendage              Transmutation                1
   b - Sticks to Snakes               Transmutation                2
   c - Spider Form                    Transmutation/Poison         3
   d - Ice Form                       Ice/Transmutation            4
   e - Blade Hands                    Transmutation                5
 d - a book of Battle

   Spells                             Type                      Level
   a - Infusion                       Charms                       1
   b - Shroud of Golubria             Charms/Translocation         2
   c - Song of Slaying                Charms                       2
   d - Spectral Weapon                Hexes/Charms                 3
   e - Regeneration                   Charms/Necromancy            3
 B - a book of Burglary

   Spells                             Type                      Level
   a - Swiftness                      Charms/Air                   2
   b - Passwall                       Transmutation/Earth          3
   c - Passage of Golubria            Translocation                4
   d - Lee's Rapid Deconstruction     Earth                        5
   e - Darkness                       Hexes                        6
   f - Invisibility                   Hexes                        6
 O - a book of Frost

   Spells                             Type                      Level
   a - Freeze                         Ice                          1
   b - Throw Frost                    Conjuration/Ice              2
   c - Ozocubu's Armour               Charms/Ice                   3
   d - Throw Icicle                   Conjuration/Ice              4
   e - Summon Ice Beast               Ice/Summoning                4
   f - Condensation Shield            Ice                          4
 Q - a book of Party Tricks

   Spells                             Type                      Level
   a - Summon Butterflies             Summoning                    1
   b - Apportation                    Translocation                1
   c - Tukima's Dance                 Hexes                        3
   d - Alistair's Intoxication        Transmutation/Poison         5
   e - Invisibility                   Hexes                        6
 T - a book of Annihilations

   Spells                             Type                      Level
   a - Poison Arrow                   Conjuration/Poison           6
   b - Chain Lightning                Conjuration/Air              8
   c - Lehudib's Crystal Spear        Conjuration/Earth            8
   d - Glaciate                       Conjuration/Ice              9
   e - Fire Storm                     Conjuration/Fire             9
Comestibles
 a - a slice of pizza
 c - 7 bread rations
 h - 11 beef jerkies
 q - 2 meat rations
 u - 5 fruits


   Skills:
 + Level 6.4 Fighting
 + Level 7.0 Dodging
 + Level 8.4 Unarmed Combat
 + Level 8.0 Spellcasting
 * Level 3.9 Charms
 + Level 3.3 Necromancy
 + Level 9.0 Transmutations
 + Level 3.8 Poison Magic


You had 10 spell levels left.
You knew the following spells:

 Your Spells              Type           Power        Failure   Level  Hunger
a - Beastly Appendage     Trmt           ######       8%          1    None
b - Sticks to Snakes      Trmt           ######..     8%          2    None
c - Spider Form           Trmt/Pois      ######....   14%         3    None
d - Blade Hands           Trmt           ######....   24%         5    ####...
e - Song of Slaying       Chrm           #####...     17%         2    None
f - Regeneration          Chrm/Necr      #####.....   24%         3    None


Dungeon Overview and Level Annotations

Branches:
Dungeon (10/15)            Temple (1/1) D:4            Lair (0/8) D:10
    Orc: D:9-12

Altars:
Ashenzari
Cheibriados
Dithmenos
Elyvilon
Fedhas
Gozag
Kikubaaqudgha
Makhleb
Nemelex Xobeh
Okawaru
Pakellas
Qazlal
Ru
Sif Muna
Trog
Vehumet
Xom
Yredelemnul
Zin
The Shining One

Shops:
D:8 %   D:10 :

Annotations:
D:4 exclusion: statue
D:10 Fannar


Innate Abilities, Weirdness & Mutations

You can breathe bolts of dispelling energy.
Your rich purple scales are hard (AC +7).
Your body does not fit into most forms of armour.
You are cold-blooded and may be slowed by cold attacks.


Message History

Fannar blocks your attack.
Fannar is heavily wounded.
Fannar blocks your water moccasin's attack.
Some snowflakes condense on Fannar.
Fannar casts a spell.
Your adder bites the ice beast.
Your adder bites Fannar but does no damage.
The ice beast misses you.
Fannar blocks your water moccasin's attack.
Fannar blocks your attack.
Fannar is heavily wounded.
You feel yourself speed up.
Your water moccasin is no longer moving slowly.
Your adder barely misses the ice beast.
Your adder completely misses Fannar.
Fannar murmurs some mystic words to himself.
Fannar barely misses your water moccasin.
The ice beast hits you.
* * * LOW HITPOINT WARNING * * *
The ice beast freezes you!
You feel yourself slow down.
You die...

.....# #.........##+####........
.....####.........#.....#........
..................#.....#........
..................#.....#........
#######...........####'##........
# #...................^...... #
#.>........................ #
#..#''###SY................ #
#.S#.S..#S@................
#######..#....#Se..........##+###
.........#....#Y...........#
.......).######)...........#
...........................#
........................####
........................#
######..................###
.....#.>..................#


You could see Fannar, 2 ice beasts, a friendly water moccasin and 2 friendly
adders.

Vanquished Creatures
  Erolcha (D:8)
  Urug (D:10)
  Nergalle (D:10)
  Pikel (D:5)
  Maurice (D:8)
  Psyche (D:8)
  A fire drake (D:10)
  Prince Ribbit (D:8)
  A wyvern (D:9)
  10 yaks
  2 hippogriffs
  2 hungry ghosts
  A black bear (D:9)
  2 orc warriors
  4 ice beasts
  2 sky beasts
  A necrophage (D:7)
  2 phantoms
  5 ogres
  2 centaurs (D:6)
  A crocodile (D:7)
  6 giant frogs
  A gnoll sergeant (D:10)
  A wyvern skeleton (D:6)
  5 scorpions
  5 killer bees
  A centaur zombie (D:8)
  A giant frog zombie (D:9)
  2 crimson imps (D:6)
  6 hounds
  2 centaur skeletons
  3 orc priests
  9 orc wizards
  2 giant frog skeletons
  6 iguanas
  4 worker ants
  2 hound skeletons (D:7)
  A worker ant zombie (D:8)
  10 gnolls
  15 adders
  2 shadow imps
  2 oozes
  5 adder zombies
  An adder skeleton (D:4)
  5 worms
  3 giant geckos
  48 orcs
  3 ball pythons
  5 giant cockroaches
  9 goblins
  10 hobgoblins
  11 jackals
  7 kobolds
  2 quokkas
  8 bats
  A giant gecko skeleton (D:4)
  A giant gecko zombie (D:7)
  5 giant newts
  2 jackal skeletons
  A jackal zombie (D:6)
  2 quokka skeletons
  7 rats
265 creatures vanquished.

Vanquished Creatures (collateral kills)
  A jelly (D:10)
  2 gnolls
  An adder (D:3)
  A worm (D:2)
  An orc (D:4)
  A hobgoblin (D:3)
7 creatures vanquished.

Vanquished Creatures (others)
  A slave (D:5)
  A scorpion (D:5)
  A worker ant (D:5)
  An adder (D:5)
  A ball python (D:5)
5 creatures vanquished.

Grand Total: 277 creatures vanquished

Notes
Turn   | Place    | Note
--------------------------------------------------------------
     0 | D:1      | st0uf the Draconian Transmuter began the quest for the Orb.
     0 | D:1      | Reached XP level 1. HP: 16/16 MP: 3/3
   242 | D:2      | Reached XP level 2. HP: 20/23 MP: 3/5
   267 | D:2      | Found a shattered altar of Ashenzari.
   289 | D:2      | Found a faded altar to an unknown god.
   299 | D:2      | Became a worshipper of Cheibriados the Contemplative
   299 | D:2      | Reached * piety under Cheibriados
   361 | D:2      | Found a blossoming altar of Fedhas.
   836 | D:1      | Reached XP level 3. HP: 28/28 MP: 4/6
  1085 | D:1      | Reached ** piety under Cheibriados
  1095 | D:1      | Found a shattered altar of Ashenzari.
  1620 | D:2      | Reached XP level 4. HP: 35/35 MP: 5/7
  1624 | D:2      | Learned a level 2 spell: Sticks to Snakes
  1628 | D:2      | Learned a level 3 spell: Spider Form
  1798 | D:2      | Reached *** piety under Cheibriados
  1929 | D:2      | Reached skill level 4 in Unarmed Combat
  2073 | D:3      | Found a shadowy altar of Dithmenos.
  2484 | D:3      | Reached XP level 5. HP: 40/40 MP: 6/8
  2568 | D:3      | Reached **** piety under Cheibriados
  2876 | D:4      | Found a basalt altar of Yredelemnul.
  3155 | D:4      | Reached skill level 1 in Poison Magic
  3155 | D:4      | Reached XP level 6. HP: 42/48 MP: 8/10
  3742 | D:4      | Reached XP level 7. HP: 35/53 MP: 12/12
  3742 | D:4      | Your scales start taking on a rich purple colour.
  3882 | D:4      | Found a radiant altar of Vehumet.
  3898 | D:4      | Found a staircase to the Ecumenical Temple.
  3904 | Temple   | Entered the Ecumenical Temple
  4070 | D:4      | Reached ***** piety under Cheibriados
  4209 | D:5      | Entered Level 5 of the Dungeon
  4313 | D:5      | Learned a level 5 spell: Blade Hands
  4646 | D:5      | Found a glowing silver altar of Zin.
  4822 | D:5      | Noticed Pikel
  4839 | D:5      | Killed Pikel
  4839 | D:5      | Reached skill level 5 in Unarmed Combat
  4839 | D:5      | Reached skill level 5 in Transmutations
  4839 | D:5      | Reached XP level 8. HP: 21/62 MP: 10/14
  6114 | D:6      | Reached skill level 6 in Unarmed Combat
  6334 | D:6      | Got a pair of encrusted gloves
  6340 | D:6      | Identified the +1 pair of gloves of Misanthropy {Dex+4} (You found it on level 6 of the Dungeon)
  6623 | D:7      | Reached skill level 5 in Spellcasting
  6777 | D:7      | Reached skill level 5 in Dodging
  6777 | D:7      | Reached XP level 9. HP: 71/71 MP: 13/16
  7235 | D:7      | Reached ****** piety under Cheibriados
  7268 | D:7      | Reached skill level 7 in Transmutations
  7469 | D:8      | Found a glowing golden altar of the Shining One.
  7574 | D:8      | Noticed Maurice
  7579 | D:8      | Noticed Erolcha
  7591 | D:8      | Killed Erolcha
  7591 | D:8      | Reached skill level 8 in Transmutations
  7746 | D:8      | Killed Maurice
  7746 | D:8      | Reached XP level 10. HP: 80/80 MP: 13/20
  7775 | D:8      | Learned a level 2 spell: Song of Slaying
  7779 | D:8      | Learned a level 3 spell: Regeneration
  7779 | D:8      | Found Weoviyt's Food Boutique.
  7808 | D:8      | Reached skill level 5 in Fighting
  8260 | D:8      | Noticed Prince Ribbit
  8262 | D:8      | Noticed Psyche
  8266 | D:8      | Killed Psyche
  8266 | D:8      | Reached skill level 1 in Charms
  8266 | D:8      | Reached skill level 1 in Necromancy
  8271 | D:8      | Killed Prince Ribbit
  8827 | D:9      | Found a snail-covered altar of Cheibriados.
  9295 | D:10     | Entered Level 10 of the Dungeon
  9318 | D:10     | Reached XP level 11. HP: 89/89 MP: 17/22
  9355 | D:10     | Found a staircase to the Lair.
  9559 | D:10     | Found Jutwel's Book Shoppe.
  9831 | D:10     | Noticed Urug
  9843 | D:10     | Killed Urug
 10020 | D:10     | Noticed Nergalle
 10024 | D:10     | Killed Nergalle
 10024 | D:10     | Reached skill level 9 in Transmutations
 10080 | D:10     | Noticed Fannar
 10098 | D:10     | HP: 3/91 [Fannar/staff of cold (6)]
 10100 | D:10     | Mangled by an ice beast

Vault maps used:
D:1:      minmay_arrival_arboretum_small, evilmike_ruin_ashenzari
D:2:      overflow_temple_1_default, ecumenical_altar_1, fedhas_altar_1
D:3:      glass_columns_c, nicolae_dithmenos_through_a_glass_darkly
D:4:      overflow_temple_1_default, vehumet_statue, minmay_temple_entry_fiery,
          kennysheep_crisscross
D:5:      zin_statuary, first_bread, roderic_aztec_sauvastika, uniq_pikel
D:6:      kennysheep_generic_room_3
D:7:      grunt_ogre_cave
D:8:      kennysheep_mini, serial_shops, nicolae_shop_statue_plus, uniq_psyche,
          uniq_erolcha, uniq_maurice, uniq_prince_ribbit1
D:9:      lemuel_doored_altar
D:10:     minmay_lair_entry_lava, serial_shops, shop, uniq_nergalle,
          uniq_fannar, uniq_urug
Temple:   circular_temple_12

Action                   |  1- 3 |  4- 6 |  7- 9 | 10-12 || total
-------------------------+-------+-------+-------+-------++-------
Melee: Unarmed           |   176 |   165 |   230 |   234 ||   805
 Cast: Beastly Appendage |    26 |    27 |    30 |    14 ||    97
       Sticks to Snakes  |       |    20 |     4 |     6 ||    30
       Spider Form       |       |     4 |     7 |     5 ||    16
       Blade Hands       |       |       |     7 |     8 ||    15
  Use: Scroll            |       |     2 |       |       ||     2
 Stab: Sleeping          |       |     2 |     9 |     1 ||    12
       Distracted        |       |       |     1 |     1 ||     2
  Eat: Chunk             |       |     5 |     9 |     5 ||    19
